 Dungeon Crawl Stone Soup version 0.17.0-57-g0e89251 (webtiles) character file.

49 Neutronnoir the Conjurer (level 3, 0/19 HPs)
             Began as a Deep Elf Conjurer on Dec 8, 2015.
             Slain by a gnoll
             ... wielding a +0 club
              (7 damage)
             ... on level 2 of the Dungeon.
             The game lasted 00:03:59 (1298 turns).

Neutronnoir the Conjurer (Deep Elf Conjurer)        Turns: 1298, Time: 00:04:00

Health: 0/19       AC:  2    Str:  5    XL:     3   Next: 51%
Magic:  2/9        EV: 13    Int: 20    God:
Gold:   41         SH:  0    Dex: 15    Spells: 2 memorised, 5 levels left

rFire  x . .     SeeInvis .     (no weapon)
rCold  + . .     Clarity  .     a - +0 robe
rNeg   . . .     SustAt   +     (no shield)
rPois  .         Gourm    .     (no helmet)
rElec  .         Spirit   .     (no cloak)
rCorr  .         Warding  .     (no gloves)
rMut   .         Stasis   .     (no boots)
MR     .....                    (no amulet)
Stlth  ++........               i - ring of ice
                                h - ring of sustain attributes

@: not resistant to hostile enchantments, unstealthy
A: no striking features
a: no special abilities


You were on level 2 of the Dungeon.
You were very hungry.

You visited 1 branch of the dungeon, and saw 2 of its levels.

You collected 41 gold pieces.

Inventory:

Armour
 a - a +0 robe (worn)
Jewellery
 h - a ring of sustain attributes (left hand)
 i - a ring of ice (right hand)
Scrolls
 d - 2 scrolls of identify {unknown}
 g - a scroll of enchant weapon {unknown}
 l - a scroll of remove curse
Potions
 e - a potion of curing {unknown}
 f - a potion of agility {unknown}
Books
 b - a book of Conjurations

   Spells                             Type                      Level
   a - Magic Dart                     Conjuration                  1
   b - Searing Ray                    Conjuration                  2
   c - Dazzling Spray                 Conjuration/Hexes            3
   d - Fulminant Prism                Conjuration/Hexes            4
   e - Iskenderun's Mystic Blast      Conjuration                  4
   f - Iskenderun's Battlesphere      Conjuration/Charms           5
Comestibles
 c - 2 bread rations
 j - a beef jerky
 k - a meat ration


   Skills:
 + Level 2.8 Dodging
 + Level 2.6 Stealth
 + Level 0.1 Unarmed Combat
 + Level 3.3 Spellcasting
 + Level 5.4 Conjurations


You had 5 spell levels left.
You knew the following spells:

 Your Spells              Type           Power        Failure   Level  Hunger
a - Magic Dart            Conj           ###.         1%          1    None
b - Searing Ray           Conj           ###...       2%          2    ##.....


Dungeon Overview and Level Annotations

Branches:
Dungeon (2/15)

Altars:
Fedhas


Message History

Confirm with . or Enter, or press ? or * to list all spells.
Aiming: Searing Ray
Press: ? - help, Shift-Dir - straight line, f/p - gnoll
Aim: a gnoll, wielding a halberd (severely wounded)
The searing ray hits the gnoll.
The gnoll is severely wounded.
You are feeling very hungry.
The gnoll closely misses you.
The gnoll hits you from afar with a halberd!
Ouch! That really hurt!
Casting: Searing Ray
Confirm with . or Enter, or press ? or * to list all spells.
Aiming: Searing Ray
Press: ? - help, Shift-Dir - straight line, f/p - gnoll
Aim: a gnoll, wielding a halberd (severely wounded)
The searing ray hits the gnoll.
The gnoll is lightly wounded.
The gnoll closely misses you. x2
The gnoll hits you with a club!
You die...

.... ... #.. #########
.####.. .......####
.......#####........##.
##...##..#..##.##.#
#.g#..#...#.##.# ..
#####g###.......##.# #
#.....@...##.......# #
#>.......###..#.##.####
#.......## #...........
#.......# #..#.......)
#.......# #.†###......
#.......# #..# ##.####
#....>..# #... ...# #
######### ##. ##### # #


You could see a gnoll.

Vanquished Creatures
  A gnoll (D:2)
  An ooze (D:2)
  A giant gecko (D:1)
  A ball python (D:2)
  5 bats (D:1)
  A giant cockroach (D:1)
  4 hobgoblins
  A jackal (D:1)
  A quokka (D:2)
  A giant newt (D:1)
  8 goblins (D:1)
  4 kobolds
  4 rats (D:1)
33 creatures vanquished.

Notes
Turn   | Place    | Note
--------------------------------------------------------------
     0 | D:1      | Neutronnoir the Deep Elf Conjurer began the quest for the Orb.
     0 | D:1      | Reached XP level 1. HP: 10/10 MP: 6/6
    49 | D:1      | Reached XP level 2. HP: 4/15 MP: 1/8
   607 | D:1      | Reached skill level 5 in Conjurations
  1070 | D:1      | Reached XP level 3. HP: 19/19 MP: 5/9
  1083 | D:2      | Found a blossoming altar of Fedhas.
  1114 | D:2      | Learned a level 2 spell: Searing Ray
  1298 | D:2      | Slain by a gnoll

Action                   || total
-------------------------++-------
Melee: Unarmed           ||    10
 Cast: Magic Dart        ||    60
       Searing Ray       ||     2
  Use: Scroll            ||     3
